 Dungeon Crawl Stone Soup version 0.31-a0-744-gbc345e7fcb (webtiles) character file.

Game seed: 4869319809931158355

3629 Aneyh the Spear-Bearer (level 10, 0/55 (56) HPs)
             Began as a Tengu Monk on Sept 14, 2023.
             Was an Elder of Hepliaklqana.
             Killed by divine providence
             ... invoked by Jeremiah
              (12 damage)
             ... on level 8 of the Dungeon.
             The game lasted 00:11:54 (6434 turns).

Aneyh the Spear-Bearer (Tengu Monk)                 Turns: 6434, Time: 00:11:55

HP:   0/55 (56)     AC:  9    Str: 16    XL:     10   Next: 11%
MP:   11/11         EV: 32    Int: 10    God:    Hepliaklqana [****..]
Gold: 411           SH:  0    Dex: 17    Spells: 9/9 levels left

rFire   . . .        b - +0 halberd
rCold   . . .        (shield currently unavailable)
rNeg    + . .        M - +1 robe {rN+}
rPois   .            (helmet restricted)
rElec   .            p - +0 cloak
rCorr   .            y - +0 pair of gloves
SInv    +            (boots unavailable)
Will    .....        (no amulet)
Stlth   ++           e - ring of see invisible
HPRegen 0.29/turn    k - +4 ring of protection
MPRegen 0.12/turn

%: acrobat
@: acrobatic, flying, lightly drained
A: reduced essence, beak, talons 3, evasive flight, acrobatic
a: Renounce Religion, Recall Ancestor, Ancestor Identity, Transference, Idealise


You were on level 8 of the Dungeon.
You worshipped Hepliaklqana.
Hepliaklqana was greatly pleased with you.
You visited 1 branch of the dungeon, and saw 8 of its levels.

You collected 411 gold pieces.

Inventory:

Hand Weapons
 a - the +6 dagger "Guowalli" {drain, *Noise rElec rPois Str+2}
   (You found it on level 2 of the Dungeon)

   Str+2:     It affects your strength (+2).
   rElec:     It insulates you from electricity.
   rPois:     It protects you from poison *Noise: It may make a loud noise when
   swung.
 b - a +0 halberd (weapon)
 m - a +0 spear
 v - a +0 trident
 H - a +1 heavy falchion
 L - a +1 dire flail of freezing
 N - a +0 trident
 O - a +1 dagger of venom
Missiles
 h - 3 javelins (quivered)
 w - 5 boomerangs
 E - 27 poisoned darts
Armour
 c - a +0 robe
 d - an orb of light
 p - a +0 cloak (worn)
 y - a +0 pair of gloves (worn)
 I - the +0 robe "Caivuluac" {rElec rF++ rC+++ Dex-5}
   (You found it on level 6 of the Dungeon)

   Dex-5:     It affects your dexterity (-5).
   rF++:      It greatly protects you from fire.
   rC+++:     It renders you almost immune to cold.
   rElec:     It insulates you from electricity.
 M - a +1 robe of positive energy (worn)
Jewellery
 e - a ring of see invisible (left hand)
 g - a +6 ring of intelligence
 i - a ring of ice
 k - a +4 ring of protection (right hand)
 l - a ring of ice
 q - a ring of positive energy
 B - an amulet of regeneration
Wands
 Q - a wand of mindburst (14)
 S - a wand of flame (19)
Scrolls
 j - 3 scrolls of identify {unknown}
 n - 3 scrolls of revelation {unknown}
 o - a scroll of noise {unknown}
 r - 2 scrolls of immolation {unknown}
 s - 2 scrolls of amnesia {unknown}
 x - 2 scrolls of fog {unknown}
 z - 2 scrolls of fear {unknown}
 C - 3 scrolls of blinking {unknown}
 F - a scroll of torment {unknown}
 J - a scroll of poison {unknown}
 K - a scroll of enchant weapon {unknown}
 P - a scroll of butterflies {unknown}
Potions
 f - 2 potions of degeneration {unknown}
 t - a potion of haste {unknown}
 u - 3 potions of lignification {unknown}
 A - 3 potions of attraction {unknown}
 D - 2 potions of brilliance {unknown}
 G - a potion of heal wounds {unknown}
 R - a potion of curing {unknown}


   Skills:
 + Level 7.0 Fighting
 - Level 14.1 Polearms
 - Level 3.2 Dodging


You had 9 spell levels left.
You didn't know any spells.
Your spell library contained the following spells:

 Spells                   Type           Power      Damage    Failure   Level
 Apportation              Tloc           0%         N/A       36%         1
 Necrotise                Necr           0%         1d4       36%         1
 Summon Small Mammal      Summ           0%         N/A       36%         1
 Scorch                   Fire           0%         2d5       50%         2
 Dazzling Flash           Conj/Hex       0%         N/A       75%         3
 Gell's Gravitas          Tloc           0%         N/A       75%         3
 Teleport Other           Tloc           0%         N/A       75%         3
 Flame Wave               Conj/Fire      0%         2d4       98%         4
 Agony                    Necr           0%         N/A       100%        5
 Silence                  Hex/Air        0%         N/A       100%        5
 Dispersal                Tloc           0%         N/A       100%        6
 Summon Cactus Giant      Summ           0%         N/A       100%        6


Dungeon Overview and Level Annotations

Branches:
Dungeon (8/15)             Temple (0/1) D:5
   Lair: D:8-11

Altars:
Gozag
Hepliaklqana
Qazlal
Ru
Yredelemnul
The Shining One

Shops:
D:3 =   D:7 *

Annotations:
D:8 Jeremiah


Innate Abilities, Weirdness & Mutations

Your life essence is reduced to manifest your ancestor. (-10% HP)
You have a beak for a mouth.
You have claws for feet.
Your magical flight helps you evade attacks. (EV +4)
You can magically evade attacks while moving or waiting.


Message History

Octavia blocks the steam dragon's attack.
Octavia completely misses the steam dragon.
Octavia blocks the steam dragon's attack.
The steam dragon claws Octavia but does no damage.
The steam dragon breathes steam at you.
The ball of steam hits Octavia!
Octavia resists.
The ball of steam hits you.
Octavia hits the steam dragon with a +0 flail.
The steam dragon breathes steam at Octavia.
The ball of steam misses Octavia.
Octavia hits the steam dragon with a +0 flail.
The steam dragon barely misses Octavia.
The steam dragon claws Octavia but does no damage.
b - a +0 halberd (weapon)
The steam dragon bites Octavia.
Octavia blocks the steam dragon's attack.
Octavia hits the steam dragon with a +0 flail!
The steam dragon dies!
Your Fighting skill increases to level 7!
Jeremiah, Barachi Dreamer comes into view.
They are wielding a +2 trident of draining and wearing an orb of energy.
Reach: b) +0 halberd
Press: ? - help, Dir - move target, f - Jeremiah
Aim: Jeremiah, wielding a +2 trident of draining, wearing a +0 robe and wearing an orb of energy (about 41% to evade your +0 halberd)
You reach to attack!
You closely miss Jeremiah.
Octavia hits Jeremiah with a +0 flail!
Jeremiah hits you from afar with a +2 trident of draining!
* * * LOW HITPOINT WARNING * * *
You partially resist.
You feel drained.
* * * LOW HITPOINT WARNING * * *
Reach: b) +0 halberd
Press: ? - help, Dir - move target, f/p - Jeremiah
Aim: Jeremiah, wielding a +2 trident of draining, wearing a +0 robe and wearing an orb of energy (moderately wounded, ally target, about 41% to evade your +0 halberd)
You reach to attack!
You slice Jeremiah!!
Jeremiah is severely wounded.
Jeremiah hops!
Octavia closely misses the butterfly.
Jeremiah mumbles a slurred invocation.
Something smites you!
You die...
Jeremiah says, "O terrible one, your will is done."

##############
#..<.F........
........##b.#####.
#####.#.##.b####
#.#...@.Rb.# #
####..##.#
#b.##ยง# <.......
#######.## #.# ...
#.# #..


You could see the friendly Octavia the knight and Jeremiah (ally target).

Vanquished Creatures
  A yak (D:5)
  2 water moccasins
  An orc warrior (D:7)
  Pargi (D:3)
  An ice beast (D:6)
  A black bear (D:6)
  2 ogres
  3 phantoms
  2 bullfrogs
  A kobold brigand (D:7)
  4 scorpions
  2 wights (D:7)
  2 howler monkeys (D:7)
  A jelly (D:5)
  A hound (D:7)
  4 orc priests
  A gnoll bouda (D:7)
  An orc wizard (D:5)
  3 sleepcaps (D:7)
  3 iguanas
  2 gnolls (D:7)
  11 adders
  A white imp (D:8)
  An ufetubus (D:6)
  2 worms
  2 dart slugs
  19 orcs
  6 ball pythons
  6 endoplasms
  6 goblins
  5 hobgoblins
  10 jackals
  6 quokkas
  3 bats
  4 frilled lizards
  12 kobolds
  7 rats
140 creatures vanquished.

Vanquished Creatures (collateral kills)
  2 yaks (D:5)
  A steam dragon (D:8)
  An orc warrior (D:6)
  An ice beast (D:6)
  2 kobold brigands (D:7)
  A gnoll sergeant (D:7)
  2 scorpions
  3 wights (D:7)
  A howler monkey (D:7)
  An orc priest (D:3)
  A hound (D:7)
  2 orc wizards
  2 adders (D:4)
  2 gnolls (D:7)
  A white imp (D:7)
  A dart slug (D:3)
  6 orcs
  A ball python (D:4)
  A hobgoblin (D:4)
32 creatures vanquished.

Vanquished Creatures (others)
  A knight (D:5)
1 creature vanquished.

Grand Total: 173 creatures vanquished

Notes
Turn   | Place    | Note
-------+----------+-------------------------------------------
     0 | D:1      | Aneyh the Tengu Monk began the quest for the Orb.
     0 | D:1      | Reached XP level 1. HP: 14/14 MP: 2/2
   106 | D:1      | Reached XP level 2. HP: 19/19 MP: 3/3
   253 | D:1      | Reached skill level 4 in Polearms
   557 | D:1      | Reached XP level 3. HP: 22/23 MP: 4/4
   956 | D:2      | Found a basalt altar of Yredelemnul.
  1012 | D:2      | Reached skill level 5 in Polearms
  1140 | D:2      | Reached XP level 4. HP: 19/28 MP: 5/5
  1188 | D:2      | Identified the +6 dagger "Guowalli" {drain, *Noise rElec
                  | rPois Str+2}
  1743 | D:3      | Reached skill level 6 in Polearms
  1795 | D:3      | Found a hazy altar of Hepliaklqana.
  1871 | D:3      | Became a worshipper of Hepliaklqana the Forgotten
  1871 | D:3      | Reached * piety under Hepliaklqana
  1871 | D:3      | Reached ** piety under Hepliaklqana
  1872 | D:3      | Remembered your ancestor Octavia as a knight
  1876 | D:3      | Reached XP level 5. HP: 25/28 MP: 6/6
  1981 | D:3      | Noticed Pargi
  1987 | D:3      | Killed Pargi
  1988 | D:3      | Reached skill level 7 in Polearms
  2027 | D:3      | Reached XP level 6. HP: 33/33 MP: 7/7
  2111 | D:3      | Found Raushrue's One-of-a-Kind Rings.
  2653 | D:4      | Reached skill level 8 in Polearms
  2769 | D:4      | Gained mutation: Your magical flight helps you evade
                  | attacks. (EV +4) [Tengu growth]
  2769 | D:4      | Reached XP level 7. HP: 36/36 MP: 8/8
  2917 | D:4      | Reached *** piety under Hepliaklqana
  2995 | D:4      | Reached skill level 9 in Polearms
  3317 | D:5      | Entered Level 5 of the Dungeon
  3393 | D:5      | Found a staircase to the Ecumenical Temple.
  3538 | D:5      | Reached skill level 10 in Polearms
  3600 | D:5      | Reached XP level 8. HP: 40/41 MP: 9/9
  3622 | D:5      | Noticed a yak
  3623 | D:5      | Noticed a yak
  3623 | D:5      | Noticed a yak
  3636 | D:5      | Killed a yak
  3636 | D:5      | Killed a yak
  3637 | D:5      | Reached skill level 11 in Polearms
  3758 | D:5      | Killed a yak
  4096 | D:5      | Reached skill level 12 in Polearms
  4206 | D:5      | Found a stormy altar of Qazlal.
  4325 | D:6      | Reached XP level 9. HP: 35/45 MP: 10/10
  4516 | D:6      | Reached skill level 13 in Polearms
  4686 | D:6      | Reached **** piety under Hepliaklqana
  4693 | D:6      | Identified the +0 robe "Caivuluac" {rElec rF++ rC+++ Dex-5}
  5015 | D:6      | Found an opulent altar of Gozag.
  5051 | D:6      | Found a glowing golden altar of the Shining One.
  5702 | D:7      | Reached skill level 14 in Polearms
  5737 | D:7      | Found Ikli's Assorted Antiques.
  5987 | D:7      | Reached skill level 5 in Fighting
  6057 | D:7      | Found a sacrificial altar of Ru.
  6138 | D:7      | Reached XP level 10. HP: 52/54 MP: 11/11
  6431 | D:8      | Noticed Jeremiah
  6434 | D:8      | Killed from afar by Jeremiah

Illustrated notes

Levels and vault maps discovered:
D:1:      onia_arrival_pyramid, layout_loops_ring
D:2:      layout_loops_ring, basic_altar
D:3:      layout_loops_ring, worldfamousw_hep_ancestral_shrine,
          nicolae_shop_unique_rings, uniq_pargi
D:4:      layout_gridville
D:5:      layout_basic, amcnicky_altar_gilded, minmay_temple_entry_trees
D:6:      layout_layer_cave, grunt_gozag_breadcrumbs,
          mainiacjoe_overflow_cross_hatched, st_stairs_5
D:7:      minmay_skewed_foursquare, layout_rooms, nicolae_ru_path_of_blood,
          serial_shops, nicolae_shop_trees
D:8:      hangedman_cross_veins, layout_loops_cross,
          mainiacjoe_overflow_alcove_2, uniq_jeremiah

Skill      XL: |  1  2  3  4  5  6  7  8  9 10 |
---------------+-------------------------------+-----
Polearms       | 4 5 6 7 8 10 12 14 | 14.1
Fighting       | 6 7 |  7.0
Dodging        | |  3.2

Action                     |  1- 3 |  4- 6 |  7- 9 | 10-12 || total
---------------------------+-------+-------+-------+-------++-------
  Melee: Spear             |    19 |       |       |       ||    19
         Kick              |    15 |    25 |    75 |    12 ||   127
         Peck              |    10 |    13 |    40 |     3 ||    66
         Dagger            |    66 |    71 |   206 |    32 ||   375
         Punch             |     1 |       |     2 |       ||     3
         Halberd           |       |       |    13 |     2 ||    15
 Invoke: Ancestor Life: Kn |       |     1 |       |       ||     1
         Recall Ancestor   |       |     1 |     3 |       ||     4
    Use: Potion            |     1 |       |       |       ||     1
   Stab: Sleeping          |     3 |       |     1 |       ||     4
         Distracted        |       |       |     1 |       ||     1
 Armour: Robe              |    28 |    30 |    91 |    13 ||   162
  Dodge: Dodged            |    48 |    57 |   167 |    22 ||   294

Table legend: (Time is in decaauts)
 A = Elapsed time spent in this place.
 B = Non-inter-level travel time spent in this place.
 C = Inter-level travel time spent in this place.
 D = Time resting spent in this place.
 E = Time spent auto-exploring this place.
 F = Levels seen in this place.
 G = Mean time per level.
                   A        B        C        D        E       F      G
               +--------+--------+--------+--------+--------+-----+--------+
         Total |   6423 |   6247 |    176 |    426 |   4692 |   8 |  802.9 |
       Dungeon |   6423 |   6247 |    176 |    426 |   4692 |   8 |  802.9 |
               +--------+--------+--------+--------+--------+-----+--------+

Top non-repeatable levels by time:
     D:6: 1241 daAuts
     D:5: 904 daAuts
     D:4: 880 daAuts
     D:1: 879 daAuts
     D:7: 844 daAuts
     D:3: 828 daAuts
     D:2: 812 daAuts
     D:8: 31 daAuts
